 Dungeon Crawl Stone Soup version 0.24.0-2-g5b39cebb1c (webtiles) character file.

Game seed: 14699001537806015778, levelgen mode: deterministic

658 Masnef the Ruffian (level 7, 0/70 HPs)
             Began as an Ogre Warper on Oct 30, 2019.
             Slain by an orc
             ... wielding a +0 club
              (2 damage)
             ... on level 4 of the Dungeon.
             The game lasted 00:12:12 (5968 turns).

Masnef the Ruffian (Ogre Warper)                    Turns: 5968, Time: 00:12:12

Health: 0/70       AC:  4    Str: 16    XL:     7   Next: 55%
Magic:  8/10       EV: 10    Int: 14    God:
Gold:   219        SH:  0    Dex: 10    Spells: 6/10 levels left

rFire    + . .     SeeInvis .     - Unarmed
rCold    . . .     Gourm    .   (no shield)
rNeg     . . .     Faith    .   a - +0 robe
rPois    .         Spirit   .   (helmet restricted)
rElec    .         Reflect  .   (no cloak)
rCorr    .         Harm     .   (gloves unavailable)
MR       +....                  (boots unavailable)
Stlth    +.........             b - amulet of rage
HPRegen  0.21/turn              q - ring of protection from fire
MPRegen  0.12/turn              (no ring)

@: studying Short Blades
A: large, unfitting armour, rugged brown scales 1, magic resistance 1, tough
skin 1
a: Evoke Berserk Rage


You were on level 4 of the Dungeon.
You were not hungry.

You visited 1 branch of the dungeon, and saw 5 of its levels.

You collected 219 gold pieces.

Inventory:

Hand Weapons
 m - a +2 dagger of flaming
Missiles
 d - 5 boomerangs of dispersal (quivered)
 j - 116 arrows
 o - 7 large rocks
 p - 8 boomerangs
Armour
 a - a +0 robe (worn)
 h - a +0 cloak
Jewellery
 b - an amulet of rage (around neck)
 q - a ring of protection from fire (left hand)
Scrolls
 c - a scroll of blinking
 e - 3 scrolls of identify
 g - 3 scrolls of remove curse
 i - a scroll of magic mapping
 n - 2 scrolls of teleportation
 s - a scroll of amnesia
Potions
 k - a potion of heal wounds {unknown}
 l - 2 potions of curing
 r - a potion of haste {unknown}
Books
 t - a manual of Short Blades
Comestibles
 f - 6 rations


   Skills:
 + Level 3.7 Fighting
 * Level 1.2 Short Blades
 - Level 1.0 Throwing
 * Level 3.1 Dodging
 * Level 6.0 Unarmed Combat
 - Level 2.4 Spellcasting
 * Level 3.0 Translocations
 * Level 2.3 Evocations


You had 6 spell levels left.
You knew the following spells:

 Your Spells              Type           Power        Failure   Level  Hunger
a - Blink                 Tloc           N/A          10%         2    ###....
b - Shroud of Golubria    Chrm/Tloc      #.....       19%         2    ###....

Your spell library contained the following spells:

 Spells                   Type           Power        Failure   Level  Hunger
 Gell's Gravitas          Tloc           ##........   21%         3    ###....
 Lesser Beckoning         Tloc           ##........   21%         3    ###....
 Teleport Other           Tloc           ##......     21%         3    ###....
 Passage of Golubria      Tloc           N/A          54%         4    #####..


Dungeon Overview and Level Annotations

Branches:
Dungeon (5/15)
 Temple: D:4-7

Altars:
Dithmenos
Kikubaaqudgha
Qazlal
Sif Muna

Annotations:
D:3 2 transporters, Mrkan's ghost, amateur MiFi


Innate Abilities, Weirdness & Mutations

You are too large for most types of armour.
You have tough skin. (AC +1)
You are partially covered in rugged brown scales. (AC +1, +3% HP)
You are resistant to hostile enchantments. (MR+)


Message History

* * * LOW HITPOINT WARNING * * *
The centaur hits you.
* * * LOW HITPOINT WARNING * * *
The orc hits you but does no damage. The orc barely misses you.
Casting: Shroud of Golubria (safe; 19% risk of failure)
Confirm with . or Enter, or press ? or * to list all spells.
You blink.
Unknown command.
The centaur wields a +0 shortbow.
The centaur shoots an arrow.
The arrow hits you!
* * * LOW HITPOINT WARNING * * *
You see here an arrow.
Unknown command.
The gnoll misses you. The orc barely misses you.
There is a stone staircase leading up here.
Unknown command.
The orc closely misses you. The gnoll hits you.
* * * LOW HITPOINT WARNING * * *
The orc hits you with a +0 club.
You die...

##.##############...............#
#.## ##.............## ..########
#............## .#.......######
##.........### ##............###
##......### # #..............##
##....######## #...............##
##........... ##...............##
#..#####....
#............g@..###.## ##.....
###...........(ogo..#..# ##......
.##.............c.....## #.......
.##...................# ###.....
..##.................## ##....
...#.................# ##..)
...#..........([....## ###.
#..............>.(..# ##
##.............[)..##


You could see a centaur, 2 gnolls and 2 orcs.

Vanquished Creatures
  A water moccasin (D:4)
  An ogre (D:4)
  A centaur (D:5)
  A scorpion (D:4)
  A howler monkey (D:3)
  2 centaur skeletons (D:4)
  An orc priest (D:4)
  A gnoll shaman (D:5)
  Terence (D:3)
  A gnoll (D:4)
  3 adders (D:2)
  An adder zombie (D:4)
  3 worms
  A dart slug (D:3)
  5 leopard geckos
  6 orcs (D:4)
  11 bats
  4 giant cockroaches
  15 goblins
  8 hobgoblins
  8 jackals
  11 kobolds
  6 quokkas
  A ball python skeleton (D:4)
  A frilled lizard (D:1)
  6 rats
101 creatures vanquished.

Notes
Turn   | Place    | Note
-------+----------+-------------------------------------------
     0 | D:1      | Masnef the Ogre Warper began the quest for the Orb.
     0 | D:1      | Reached XP level 1. HP: 22/22 MP: 3/3
   210 | D:1      | Reached skill level 2 in Unarmed Combat
   292 | D:1      | Reached XP level 2. HP: 13/29 MP: 5/5
   679 | D:1      | Reached skill level 1 in Evocations
  1107 | D:2      | Reached XP level 3. HP: 24/36 MP: 6/6
  1669 | D:2      | Reached skill level 3 in Unarmed Combat
  1798 | D:2      | Reached XP level 4. HP: 34/44 MP: 7/7
  2405 | D:2      | Found a shimmering blue altar of Sif Muna.
  2405 | D:2      | Found a shadowy altar of Dithmenos.
  2740 | D:3      | Noticed Terence
  2764 | D:3      | Killed Terence
  2765 | D:3      | Reached XP level 5. HP: 37/53 MP: 8/8
  3197 | D:3      | Found an ancient bone altar of Kikubaaqudgha.
  3308 | D:3      | Found a stormy altar of Qazlal.
  3326 | D:3      | Reached skill level 4 in Unarmed Combat
  3337 | D:3      | Noticed an air elemental
  3337 | D:3      | Noticed a fire elemental
  3337 | D:3      | Noticed a water elemental
  3815 | D:3      | Noticed an ogre
  3816 | D:3      | Found a transporter.
  3819 | D:3      | Noticed Mrkan's ghost (amateur MiFi)
  3835 | D:3      | Found a transporter.
  4056 | D:4      | Reached XP level 6. HP: 61/61 MP: 9/9
  4140 | D:4      | Gained mutation: You are partially covered in rugged brown
                  | scales. (AC +1, +3% HP) [potion of mutation]
  4140 | D:4      | Gained mutation: You are resistant to hostile enchantments.
                  | (MR+) [potion of mutation]
  4171 | D:4      | Reached skill level 5 in Unarmed Combat
  4288 | D:4      | Learned a level 2 spell: Blink
  4291 | D:4      | Learned a level 2 spell: Shroud of Golubria
  4594 | D:4      | Noticed a water moccasin
  4621 | D:4      | Killed a water moccasin
  4621 | D:4      | Reached XP level 7. HP: 52/69 MP: 10/10
  5000 | D:5      | Entered Level 5 of the Dungeon
  5231 | D:4      | Reached skill level 1 in Short Blades
  5815 | D:4      | Reached skill level 6 in Unarmed Combat
  5968 | D:4      | HP: 2/70 [gnoll (6)]
  5968 | D:4      | Slain by an orc

Levels and vault maps discovered:
D:1:      lemuel_arrival_broad_hall, layout_basic
D:2:      layout_basic, gammafunk_temple_overflow_wave, first_ration
D:3:      layout_basic, nicolae_qazlal_style_of_elements,
          lemuel_coloured_pillars_altar, gammafunk_ghost_arena,
          minmay_pentomino_pile, uniq_terence
D:4:      layout_cave_pods, minmay_manual_moon
D:5:      kennysheep_big_flooded_room, layout_cave_pods, good_gods_temple_1,
          serial_column_ruins, column_ruins_hut_ruined, column_ruins_temple_hut,
          column_ruins_open_medium, column_ruins_columns_corner,
          column_ruins_grid_3, column_ruins_open_tiny, column_ruins_open_tiny,
          basic_altar

Skill      XL: |  1  2  3  4  5  6  7 |
---------------+----------------------+-----
Unarmed Combat | 2 3 4 5 6 |  6.0
Evocations     | 1 2 |  2.3
Fighting       | 3 |  3.7
Dodging        | 3 |  3.1
Short Blades   | 1 |  1.2
Translocations | 3 |  3.0
Throwing       | |  1.0
Spellcasting   | |  2.4

Action                   |  1- 3 |  4- 6 |  7- 9 || total
-------------------------+-------+-------+-------++-------
Melee: Unarmed           |   196 |   250 |    38 ||   484
       Punch             |       |     4 |     2 ||     6
 Cast: Blink             |       |       |     1 ||     1
       Shroud of Golubri |       |       |     1 ||     1
 Abil: Evoke Berserk Rag |     2 |     7 |     1 ||    10
  Use: Scroll            |       |     6 |     1 ||     7
       Potion            |       |     1 |       ||     1
 Stab: Sleeping          |       |     2 |       ||     2
  Eat: Chunk             |     5 |    11 |     3 ||    19
       Ration            |       |     1 |     1 ||     2
Armor: Robe              |    86 |    61 |    11 ||   158
Dodge: Dodged            |   125 |   175 |    34 ||   334
